 Dungeon Crawl Stone Soup version 0.26-a0-466-g989023bd0d (webtiles) character file.

Game seed: 1156064934135038375

57521 vurker the Gelid (level 15, -3/95 HPs)
             Began as a Kobold Ice Elementalist on July 30, 2020.
             Was a High Priest of Vehumet.
             Slain by Rupert
             ... wielding a +6 triple sword of protection
              (11 damage)
             ... on level 6 of the Lair of Beasts.
             The game lasted 00:33:39 (25436 turns).

vurker the Gelid (Kobold Ice Elementalist)         Turns: 25436, Time: 00:33:40

Health: -3/95      AC:  9    Str:  6    XL:     15   Next: 26%
Magic:  6/34       EV: 15    Int: 30    God:    Vehumet [*****.]
Gold:   757        SH:  0    Dex: 17    Spells: 27/44 levels left

rFire    + . .     SeeInvis .   a - staff of cold
rCold    + + .     Faith    .   (shield currently unavailable)
rNeg     . . .     Spirit   .   d - +2 robe {MR+}
rPois    +         Reflect  .   A - +2 helmet {Int+3}
rElec    .         Harm     .   M - scarf {rC+ rF+}
rCorr    .                      m - +1 pair of gloves
MR       ++...                  (no boots)
Stlth    +++.......             e - amulet of regeneration
HPRegen  0.65/turn              y - ring of poison resistance
MPRegen  0.24/turn              H - +6 ring of intelligence

@: no potions
A: small, nightstalker 3
a: Renounce Religion


You were on level 6 of the Lair of Beasts.
You worshipped Vehumet.
Vehumet was extremely pleased with you.
You visited 3 branches of the dungeon, and saw 18 of its levels.
You also visited: Sewer.

You collected 1138 gold pieces.
You spent 381 gold pieces at shops.

Inventory:

Hand Weapons
 b - the +7 dagger of the Neverending Songs {flame, MR+}
   (You found it on level 6 of the Dungeon)

   It has been specially enchanted to burn those struck by it, causing extra
   injury to most foes and up to half again as much damage against particularly
   susceptible opponents.
   It affects your resistance to hostile enchantments.
Armour
 d - a +2 robe of magic resistance (worn)
   (You took it off an orc wizard on level 4 of the Dungeon)
 m - a +1 pair of gloves (worn)
   (You found it on level 2 of the Dungeon)
 A - a +2 helmet of intelligence (worn)
   (You bought it in a shop on level 8 of the Dungeon)
 D - a +1 hat of magic resistance
   (You took it off Gastronok on level 3 of the Lair of Beasts)
 M - a scarf of resistance (worn)
   (You found it on level 1 of the Lair of Beasts)
Magical Staves
 a - an uncursed staff of cold (weapon)
   (You found it on level 5 of the Lair of Beasts)
 v - an uncursed staff of poison
   (You found it on level 5 of the Dungeon)
Jewellery
 e - an amulet of regeneration (around neck)
   (You found it on level 7 of the Dungeon)
 h - a +4 ring of protection
   (You found it on level 1 of the Dungeon)
 y - a ring of poison resistance (left hand)
   (You found it on level 6 of the Dungeon)
 H - a +6 ring of intelligence (right hand)
   (You found it on level 3 of the Dungeon)
 I - an uncursed ring of see invisible
   (You found it on level 10 of the Dungeon)
Wands
 t - a wand of flame (17)
   (You found it on level 9 of the Dungeon)
 u - a wand of paralysis (12)
   (You found it on level 4 of the Dungeon)
 x - a wand of acid (3)
   (You found it on level 2 of the Lair of Beasts)
Scrolls
 c - 2 scrolls of identify
 f - 7 scrolls of amnesia
 k - 3 scrolls of magic mapping
 o - 7 scrolls of remove curse
 q - 2 scrolls of enchant weapon
 E - 2 scrolls of fear
 G - 3 scrolls of fog
 L - 2 scrolls of immolation
Potions
 g - 5 potions of haste
 i - 3 potions of mutation
 j - 9 potions of curing
 l - a potion of resistance
 n - 2 potions of invisibility
 r - a potion of brilliance
 s - 4 potions of heal wounds
 w - a potion of ambrosia
 z - 5 potions of flight
 B - 4 potions of lignification
 C - a potion of magic
 F - 2 potions of cancellation


   Skills:
 + Level 11.5 Fighting
 - Level 2.4 Dodging
 - Level 2.6 Stealth
 * Level 15.3 Spellcasting
 - Level 3.0 Conjurations
 - Level 3.0 Summonings
 * Level 16.2 Ice Magic


You had 27 spell levels left.
You knew the following spells:

 Your Spells              Type           Power        Failure   Level
a - Ozocubu's Refrigerat  Ice            ########..   1%          6
b - Frozen Ramparts       Ice            ######       0%          3
c - Hailstorm             Conj/Ice       #######.     1%          4
d - Summon Ice Beast      Ice/Summ       #######.     1%          4

Your spell library contained the following spells:

 Spells                   Type           Power        Failure   Level
 Lightning Bolt           Conj/Air       ####......   9%          5
 Freeze                   Ice            ####         0%          1
 Ozocubu's Armour         Ice            ########     0%          3
 Animate Skeleton         Necr           ###...       1%          1
 Corona                   Hex            ###....      1%          1
 Pain                     Necr           ###.         1%          1
 Shock                    Conj/Air       ####         1%          1
 Ice Form                 Ice/Tmut       #######.     1%          4
 Metabolic Englaciation   Hex/Ice        #######...   1%          5
 Summon Guardian Golem    Hex/Summ       ####....     3%          3
 Fulminant Prism          Conj/Hex       ####......   3%          4
 Vampiric Draining        Necr           ###.......   6%          3
 Freezing Cloud           Conj/Ice/Air   #######...   6%          6
 Fireball                 Conj/Fire      ####......   9%          5
 Summon Lightning Spire   Summ/Air       ####....     11%         4
 Bolt of Magma            Conj/Fire/Erth ####......   11%         5
 Simulacrum               Ice/Necr       #######...   11%         6
 Animate Dead             Necr           ###.......   21%         4
 Conjure Ball Lightning   Conj/Air       ####......   38%         6
 Agony                    Necr           ###.....     50%         5
 Silence                  Hex/Air        ###.......   50%         5
 Tornado                  Air            ###.......   100%        9


Dungeon Overview and Level Annotations

Branches:
Dungeon (11/15)            Temple (1/1) D:7            Lair (6/6) D:8
 Shoals (0/4) Lair:4       Spider (0/4) Lair:3        Slime (0/5) Lair:5
    Orc (0/2) D:9           Sewer (visited)

Altars:
Ashenzari
Cheibriados
Dithmenos
Elyvilon
Fedhas
Gozag
Hepliaklqana
Kikubaaqudgha
Makhleb
Nemelex Xobeh
Okawaru
Qazlal
Ru
Sif Muna
Trog
Uskayaw
Vehumet
Wu Jian
Xom
Yredelemnul
Zin
The Shining One
Jiyva

Shops:
D:8 (*[   D:11 (

Annotations:
D:5 2 transporters, Apogee's ghost, amateur HOAK
D:7 1 runed translucent door, vurker's ghost, novice KoDe
Lair:6 Rupert


Innate Abilities, Weirdness & Mutations

You are small and have problems with some larger weapons.
You are completely attuned to the shadows.


Message History

A wolf comes into view.
You hear a shout!
A komodo dragon comes into view.
You feel a surge of power!
The heat is drained from your surroundings.
You resist.
You feel very cold.
The komodo dragon, the wolves and Rupert are frozen.
The komodo dragon seems to slow down.
You kill the wolf!
Vehumet accepts your kill.
You feel your power returning.
You kill the wolf!
Vehumet accepts your kill.
You feel your power returning. The komodo dragon bites you!!
* * * LOW HITPOINT WARNING * * *
Unknown command.
You feel a surge of power!
The heat is drained from your surroundings.
You resist.
You feel very cold.
The komodo dragon and Rupert are frozen.
A yak comes into view.
The komodo dragon closely misses you.
You hear a bellow! x3
You feel a surge of power!
The heat is drained from your surroundings.
You resist.
You feel very cold.
The komodo dragon, the yak and Rupert are frozen.
You kill the komodo dragon!
Vehumet accepts your kill. Rupert barely misses you.
You feel a surge of power!
The heat is drained from your surroundings.
You resist.
You feel very cold.
The wolf, the yak and Rupert are frozen.
You kill the wolf!
Vehumet accepts your kill.
You feel your power returning.
You kill the yak!
Vehumet accepts your kill.
Rupert hits you with a +6 triple sword of protection!!
* * * LOW HITPOINT WARNING * * *
A yak comes into view. x2
The yak bellows!
You feel a surge of power!
The heat is drained from your surroundings.
You resist.
You feel very cold.
The yaks and Rupert are frozen.
You kill the yak!
Vehumet accepts your kill.
Rupert hits you with a +6 triple sword of protection!
You die...

#.###...#.P..#
......###.##PP(...
.###...#...P.
......$#....).....
..###...#...)......h.##.....#..
..# #...##............... ..#
#..##........†...## .## #..#
#....#......#
#.###..###.......Y...#
..#.#......#.##.@....P.
.........#######@......
....††.....###.#.......
....†.†........Y......
...†...................
.............†.........
#.......#.#####....... #P......
#....... ##.......


You could see Rupert (berserk), a yak and a friendly ice beast (summoned).

Vanquished Creatures
  Gastronok (Lair:3)
  4 entropy weavers (Lair:5)
  Nessos (Lair:4)
  5 hydras
  A catoblepas (Lair:5)
  Erica (D:10)
  3 two-headed ogres
  3 ghost crabs (Lair:5)
  5 fire crabs (Lair:5)
  2 unseen horrors (D:10)
  2 oklob plants (Lair:4)
  2 cyclopes (D:11)
  6 elephants (Lair:4)
  An apocalypse crab (Lair:5)
  4 black mambas
  A gargoyle (D:10)
  12 cane toads
  7 komodo dragons
  4 rime drakes
  A polar bear (Lair:4)
  2 trolls
  23 blink frogs
  4 hippogriffs
  Sigmund (D:2)
  A shadow (D:11)
  19 yaks
  A wraith (D:11)
  4 wyverns
  A steam dragon (D:8)
  3 basilisks
  14 water moccasins
  7 porcupines
  A hornet zombie (D:11)
  An eye of draining (D:9)
  An ice beast (D:11)
  A phantom (D:5)
  2 orc warriors
  4 sky beasts
  A black bear (D:9)
  An ogre (D:8)
  12 wolves
  3 centaurs
  11 crocodiles
  2 big kobolds
  16 bullfrogs
  8 scorpions
  A wyvern skeleton (D:11)
  2 water moccasin skeletons
  6 wights (D:10)
  4 howler monkeys
  A jelly (D:9)
  8 hounds
  A bullfrog skeleton (D:6)
  4 centaur skeletons
  4 orc priests
  2 iguanas
  9 orc wizards
  6 worker ants
  2 hound skeletons
  Robin (D:3)
  7 gnolls
  17 adders
  A shadow imp (D:9)
  4 white imps
  An ufetubus (D:8)
  6 oozes
  An adder skeleton (D:4)
  9 worms
  2 dart slugs
  7 leopard geckos
  33 orcs
  4 bats (D:2)
  11 giant cockroaches
  20 goblins
  12 hobgoblins
  24 jackals
  19 kobolds
  3 quokkas
  7 frilled lizards
  A quokka skeleton (D:7)
  17 rats
  A bush (Lair:5)
  25 fungi
  31 plants
524 creatures vanquished.

Vanquished Creatures (collateral kills)
  The ghost of p0werm0de the Cleaver, a journeyman OpFi of Gozag (D:11)
  An orc knight (D:11)
  Menkaure (D:5)
  4 phantoms
  A centaur (D:9)
  A wyvern skeleton (D:6)
  A wight (D:10)
  A bullfrog zombie (D:9)
  2 bullfrog skeletons
  A worker ant zombie (D:5)
  A giant cockroach (D:6)
  A quokka (D:5)
16 creatures vanquished.

Vanquished Creatures (others)
  5 fungi
  A plant (Lair:2)
6 creatures vanquished.

Grand Total: 546 creatures vanquished

Notes
Turn   | Place    | Note
-------+----------+-------------------------------------------
     0 | D:1      | vurker the Kobold Ice Elementalist began the quest for the
                  | Orb.
     0 | D:1      | Reached XP level 1. HP: 10/10 MP: 3/3
     1 | D:1      | Found a runed translucent door.
   151 | D:1      | Reached XP level 2. HP: 16/16 MP: 3/5
   520 | D:1      | Reached XP level 3. HP: 15/20 MP: 5/7
   607 | D:1      | Learned a level 3 spell: Frozen Ramparts
   717 | D:1      | Reached skill level 1 in Fighting
   725 | D:1      | Reached XP level 4. HP: 23/25 MP: 1/8
  1055 | D:2      | Learned a level 4 spell: Hailstorm
  1139 | D:2      | Found a sparkling altar of Nemelex Xobeh.
  1139 | D:2      | Found an opulent altar of Gozag.
  1139 | D:2      | Found a burning altar of Makhleb.
  1437 | D:2      | Noticed Sigmund
  1445 | D:2      | Killed Sigmund
  1445 | D:2      | Reached skill level 5 in Ice Magic
  1445 | D:2      | Reached XP level 5. HP: 9/30 MP: 3/11
  1445 | D:2      | Reached XP level 6. HP: 10/35 MP: 3/12
  1451 | D:2      | Learned a level 4 spell: Summon Ice Beast
  2372 | D:2      | Found a hazy altar of Hepliaklqana.
  2372 | D:2      | Found an iron altar of Okawaru.
  2453 | D:2      | Found a shadowy altar of Dithmenos.
  2896 | D:3      | Reached skill level 1 in Summonings
  2896 | D:3      | Reached XP level 7. HP: 40/40 MP: 5/13
  2978 | D:3      | Noticed Robin
  2986 | D:3      | Killed Robin
  4824 | D:4      | Reached skill level 5 in Spellcasting
  4976 | D:4      | Reached XP level 8. HP: 40/46 MP: 15/15
  5091 | D:4      | Reached skill level 6 in Ice Magic
  6269 | D:5      | Entered Level 5 of the Dungeon
  6463 | D:5      | Noticed Menkaure
  6595 | D:5      | Found a shattered altar of Ashenzari.
  6661 | D:5      | Found a snail-covered altar of Cheibriados.
  6666 | D:5      | Found a stormy altar of Qazlal.
  6840 | D:5      | Killed Menkaure
  6840 | D:5      | Reached skill level 7 in Ice Magic
  6968 | D:5      | Noticed a hornet
  7048 | D:5      | Reached XP level 9. HP: 52/52 MP: 13/18
  7428 | D:5      | Found a transporter.
  7429 | D:5      | Found a transporter.
  7429 | D:5      | Noticed Apogee's ghost (amateur HOAK)
  7538 | D:6      | Found a glowing drain.
  7642 | Sewer    | Entered a sewer
  7929 | Sewer    | Found a white marble altar of Elyvilon.
  8167 | D:6      | Reached skill level 5 in Fighting
  8287 | D:6      | Got an ichor-stained dagger
  8288 | D:6      | Identified the +7 dagger of the Neverending Songs {flame,
                  | MR+} (You found it on level 6 of the Dungeon)
  8556 | D:6      | Reached skill level 8 in Ice Magic
  8873 | D:7      | Found a staircase to the Ecumenical Temple.
  8880 | Temple   | Entered the Ecumenical Temple
  9109 | Temple   | Became a worshipper of Vehumet
  9165 | D:7      | Found a runed translucent door.
  9166 | D:7      | Noticed vurker's ghost (novice KoDe)
  9312 | D:7      | Found a shimmering blue altar of Sif Muna.
 10266 | D:8      | Found a staircase to the Lair.
 10288 | D:8      | Found Osop's Weapon Emporium.
 10538 | D:8      | Reached XP level 10. HP: 60/60 MP: 17/22
 10675 | D:8      | Found Iguythre's Assorted Antiques.
 10688 | D:8      | Bought a scroll of fear for 119 gold pieces
 10688 | D:8      | Bought a blue potion for 30 gold pieces
 10688 | D:8      | Bought a blue potion for 30 gold pieces
 10688 | D:8      | Bought a sapphire potion for 30 gold pieces
 10724 | D:8      | Found Kist's Antique Armour Boutique.
 10729 | D:8      | Bought a runed helmet for 172 gold pieces
 11226 | D:9      | Reached skill level 9 in Ice Magic
 11398 | D:9      | Noticed a two-headed ogre
 11406 | D:9      | Killed a two-headed ogre
 11448 | D:9      | Reached * piety under Vehumet
 11448 | D:9      | Offered knowledge of Sandblast by Vehumet.
 11877 | D:9      | Reached skill level 10 in Ice Magic
 11966 | D:9      | Found a staircase to the Orcish Mines.
 11991 | D:9      | Noticed a two-headed ogre
 11997 | D:9      | Killed a two-headed ogre
 11997 | D:9      | Reached XP level 11. HP: 46/67 MP: 15/24
 12314 | D:9      | Reached skill level 10 in Spellcasting
 12457 | D:9      | Found a shadowy altar of Dithmenos.
 12639 | D:10     | Entered Level 10 of the Dungeon
 12714 | D:10     | Noticed Erica
 12893 | D:10     | Killed an unseen horror
 12912 | D:10     | Offered knowledge of Shock by Vehumet.
 13088 | D:10     | Killed Erica
 13088 | D:10     | Reached skill level 11 in Ice Magic
 13188 | D:10     | Reached ** piety under Vehumet
 13492 | D:10     | Killed an unseen horror
 13941 | D:10     | Noticed a two-headed ogre
 13944 | D:10     | Killed a two-headed ogre
 14242 | D:11     | Reached skill level 13 in Ice Magic
 14242 | D:11     | Reached XP level 12. HP: 74/74 MP: 27/27
 14540 | D:11     | Offered knowledge of Ignite Poison by Vehumet.
 14831 | D:11     | Found Dojepsomn's Antique Weapon Shoppe.
 14958 | D:11     | Found a runed translucent door.
 14960 | D:11     | Noticed p0werm0de's ghost (journeyman OpFi)
 14977 | D:11     | Reached *** piety under Vehumet
 15044 | D:11     | Reached XP level 13. HP: 79/79 MP: 18/29
 15379 | D:11     | Killed p0werm0de's ghost
 15591 | Lair:1   | Entered Level 1 of the Lair of Beasts
 15595 | Lair:1   | Identified the Tome of Malediction and Attacks
 15621 | Lair:1   | Noticed an eight-headed hydra
 15629 | Lair:1   | Killed an eight-headed hydra
 16451 | Lair:1   | Identified a scroll of acquirement
 16451 | Lair:1   | Acquired a book of Ice
 16460 | Lair:1   | Learned a level 6 spell: Ozocubu's Refrigeration
 17101 | Lair:2   | Noticed a seven-headed hydra
 17104 | Lair:2   | Killed a seven-headed hydra
 17134 | Lair:2   | Reached skill level 14 in Ice Magic
 17440 | Lair:2   | Noticed a four-headed hydra
 17443 | Lair:2   | Killed a four-headed hydra
 17461 | Lair:2   | Offered knowledge of Airstrike by Vehumet.
 18705 | Lair:3   | Noticed Rupert
 18849 | Lair:3   | Noticed Gastronok
 19201 | Lair:3   | Killed Gastronok
 19384 | Lair:3   | Found a hole to the Spider Nest.
 19391 | Lair:3   | Reached skill level 10 in Fighting
 20044 | Lair:3   | Reached XP level 14. HP: 88/88 MP: 18/31
 20620 | Lair:4   | Found a staircase to the Shoals.
 20731 | Lair:4   | Reached **** piety under Vehumet
 20984 | Lair:4   | Reached skill level 15 in Ice Magic
 21212 | Lair:4   | Offered knowledge of Olgreb's Toxic Radiance by Vehumet.
 21802 | Lair:4   | Noticed Nessos
 21804 | Lair:4   | Killed Nessos
 22490 | Lair:5   | Found a viscous altar of Jiyva.
 22490 | Lair:5   | Found a staircase to the Slime Pits.
 23070 | Lair:5   | Found a runed translucent door.
 24026 | Lair:5   | Noticed an entropy weaver
 24030 | Lair:5   | Killed an entropy weaver
 24186 | Lair:5   | Noticed an entropy weaver
 24190 | Lair:5   | Killed an entropy weaver
 24408 | Lair:5   | Noticed an entropy weaver
 24410 | Lair:5   | Killed an entropy weaver
 24410 | Lair:5   | Reached skill level 15 in Spellcasting
 24410 | Lair:5   | Reached XP level 15. HP: 95/95 MP: 25/34
 24548 | Lair:5   | Reached skill level 16 in Ice Magic
 24688 | Lair:5   | Identified the Incunabulum of Attacks
 24779 | Lair:6   | Entered Level 6 of the Lair of Beasts
 25005 | Lair:6   | Reached ***** piety under Vehumet
 25133 | Lair:6   | Offered knowledge of Lightning Bolt by Vehumet.
 25436 | Lair:6   | Slain by Rupert

Illustrated notes

Levels and vault maps discovered:
D:1:      dpeg_arrival_caged_fury, layout_rooms
D:2:      wad_river_or_something, layout_basic, lemuel_round_altar,
          gammafunk_temple_overflow_claw, gammafunk_temple_overflow_pools,
          uniq_sigmund
D:3:      cheibrodos_greedy_goblins, layout_loops_cross, uniq_robin
D:4:      layout_basic, serial_co_window_serial, co_window_cross_1,
          co_window_cross_1, co_window_paths_b, co_window_of_opportunity_a,
          co_window_paths_a, co_window_paths_a, co_window_cross_1,
          co_window_cross_3, co_window_corner_b, co_window_cross_4,
          co_window_corner_b, co_window_corner_b, co_window_corner_b,
          co_window_4corner_a, co_window_4corner_b, glass_columns_a,
          hangedman_decor_points
D:5:      layout_cave_pools, grunt_temple_overflow_open, gammafunk_ghost_hive,
          uniq_menkaure
D:6:      layout_basic, gup_sewer_entry_glass, minmay_holes
D:7:      layout_basic, temple_statues, gammafunk_ghost_grave, basic_altar
D:8:      layout_rooms, dpeg_oklobed_lair, serial_shops, kennysheep_little_box,
          shop_fountains, nicolae_shop_trees
D:9:      layout_rooms, orc_0_dummy, grunt_dithmenos_shadows
D:10:     layout_roguey, uniq_erica
D:11:     layout_long_grid, gauntlet_entry_generic, serial_shops,
          nicolae_shop_stone, ebering_ghost_inner_flame, grunt_decor_resistance
Temple:   nicolae_temple_figure_eight
Lair:1:   layout_gridlike
Lair:2:   layout_cave_pods, lemuel_fruit_tree, grunt_megastairs_1
Lair:3:   layout_misc_corridors, nicolae_spider_entry_non_spiders, uniq_rupert,
          uniq_gastronok
Lair:4:   dpeg_oklob_gauntlet, layout_concentric_octagons,
          elwin_shoals_entry_rocks, patterned_corridor, uniq_nessos
Lair:5:   gammafunk_mikee_crab_dinner, layout_regular_city, slime_altar_1,
          cheibrodos_lair_reptile_den
Lair:6:   evilmike_catoblepas_cave, layout_regular_city, st_stairs_3

Skill      XL: |  1  2  3  4  5  6  7  8  9 10 11 12 13 14 15 |
---------------+----------------------------------------------+-----
Fighting       | 1 2 3 4 5 7 8 10 11 | 11.5
Spellcasting   | 3 4 5 6 8 9 11 12 13 15 | 15.3
Conjurations   | 2 3 |  3.0
Ice Magic      | 5 7 8 10 13 14 15 16 | 16.2
Summonings     | 1 2 3 |  3.0
Dodging        | |  2.4
Stealth        | |  2.6

Action                   |  1- 3 |  4- 6 |  7- 9 | 10-12 | 13-15 || total
-------------------------+-------+-------+-------+-------+-------++-------
Melee: Dagger            |    13 |    28 |    98 |    32 |    25 ||   196
       Unarmed           |     1 |       |       |       |       ||     1
       Short sword       |       |       |    85 |       |       ||    85
       Staff             |       |       |    29 |       |       ||    29
 Cast: Freeze            |    20 |    52 |   120 |    33 |     9 ||   234
       Frozen Ramparts   |     1 |    15 |    30 |    20 |    10 ||    76
       Hailstorm         |       |       |    33 |    98 |    17 ||   148
       Summon Ice Beast  |       |       |    15 |    14 |     8 ||    37
       Ozocubu's Refrige |       |       |       |       |   227 ||   227
Evoke: Wand              |       |       |       |     1 |     9 ||    10
  Use: Scroll            |       |       |    18 |     9 |     8 ||    35
       Potion            |       |       |       |     1 |     1 ||     2
 Stab: Sleeping          |     3 |     2 |     6 |     2 |       ||    13
       Distracted        |       |       |     2 |       |       ||     2
Armor: Robe              |     1 |    17 |    44 |    39 |    20 ||   121
       Animal skin       |       |       |    39 |       |       ||    39
Dodge: Dodged            |    11 |    49 |   248 |    73 |    56 ||   437

Table legend: (Time is in decaauts)
 A = Elapsed time spent in this place.
 B = Non-inter-level travel time spent in this place.
 C = Inter-level travel time spent in this place.
 D = Time resting spent in this place.
 E = Time spent auto-exploring this place.
 F = Levels seen in this place.
 G = Mean time per level.
                   A        B        C        D        E       F      G
               +--------+--------+--------+--------+--------+-----+--------+
         Total |  25446 |  24756 |    690 |   1281 |  20639 |  19 | 1339.3 |
       Dungeon |  14974 |  14563 |    411 |    237 |  12417 |  11 | 1361.3 |
        Temple |    250 |    214 |     36 |      0 |    204 |   1 |  250.0 |
          Lair |   9849 |   9606 |    243 |   1044 |   7688 |   6 | 1641.5 |
         Sewer |    371 |    371 |      0 |      0 |    329 |   1 |  371.0 |
               +--------+--------+--------+--------+--------+-----+--------+

Top non-repeatable levels by time:
  Lair:5: 2608 daAuts
     D:4: 2082 daAuts
     D:2: 1893 daAuts
  Lair:4: 1755 daAuts
     D:9: 1685 daAuts
  Lair:3: 1652 daAuts
  Lair:2: 1621 daAuts
  Lair:1: 1555 daAuts
    D:11: 1439 daAuts
     D:3: 1390 daAuts
    D:10: 1359 daAuts
     D:5: 1266 daAuts
     D:8: 1259 daAuts
     D:1: 881 daAuts
     D:6: 878 daAuts
